 Dungeon Crawl Stone Soup version 0.21.1-1-g345015f (webtiles) character file.

63 cultivahabas the Sneak (level 4, -7/27 HPs)
             Began as an Octopode Wizard on May 22, 2018.
             Was an Initiate of Okawaru.
             Shot with an arrow by a centaur (9 damage)
             ... on level 6 of the Dungeon.
             The game lasted 00:08:34 (2744 turns).

cultivahabas the Sneak (Octopode Wizard)            Turns: 2744, Time: 00:08:34

Health: -7/27      AC:  1    Str:  6    XL:     4   Next: 10%
Magic:  9/9        EV: 13    Int: 20    God:    Okawaru [......]
Gold:   103        SH:  0    Dex: 11    Spells: 4/9 levels left

rFire    . . .     SeeInvis .   d - +0 dagger
rCold    . . .     Gourm    .   (no shield)
rNeg     . . .     Faith    .   a - +0 hat
rPois    .         Spirit   .   (no amulet)
rElec    .         Reflect  .   (no ring)
rCorr    .         Harm     .   (no ring)
MR       .....                  (no ring)
Stlth    +++.......             (no ring)
HPRegen  0.09/turn              (no ring)
MPRegen  0.11/turn              (no ring)
                                (no ring)
                                (no ring)

@: no status effects
A: almost no armour, stealthy swim, amphibious, 8 rings, constrict 8, camouflage
1, gelatinous body 1
a: Renounce Religion


You were on level 6 of the Dungeon.
You worshipped Okawaru.
Okawaru was noncommittal.
You were hungry.

You visited 1 branch of the dungeon, and saw 4 of its levels.

You collected 103 gold pieces.

Inventory:

Hand Weapons
 d - a +0 dagger (weapon)
 f - a +2 vampiric spear
Armour
 a - a +0 hat (worn)
Scrolls
 h - a scroll of identify
 j - a scroll of immolation
 k - a scroll of remove curse
Potions
 e - 2 potions of curing {unknown}
 g - 2 potions of resistance {unknown}
 i - a potion of agility {unknown}
 m - a potion of flight {unknown}
Books
 b - a book of Minor Magic

   Spells                             Type                      Level
   a - Magic Dart                     Conjuration                  1
   b - Blink                          Translocation                2
   c - Call Imp                       Summoning                    2
   d - Slow                           Hexes                        2
   e - Conjure Flame                  Conjuration/Fire             3
   f - Mephitic Cloud                 Conjuration/Poison/Air       3
Comestibles
 c - 5 rations


   Skills:
 - Level 2.0 Dodging
 + Level 3.6 Stealth
 + Level 3.3 Spellcasting
 - Level 2.0 Conjurations
 * Level 1.9 Summonings
 + Level 1.4 Translocations


You had 4 spell levels left.
You knew the following spells:

 Your Spells              Type           Power        Failure   Level  Hunger
a - Magic Dart            Conj           ##..         6%          1    None
b - Call Imp              Summ           ##......     10%         2    ##.....
c - Blink                 Tloc           N/A          11%         2    ##.....


Dungeon Overview and Level Annotations

Branches:
Dungeon (2/15)

Altars:
Ashenzari
Cheibriados
Elyvilon
Fedhas
Hepliaklqana
Okawaru
Ru
Wu Jian
Xom
Zin
The Shining One


Innate Abilities, Weirdness & Mutations

You cannot wear most types of armour.
You are very stealthy in the water. (Stealth+)
You are amphibious.
You can wear up to eight rings at the same time.
You can use your tentacles to constrict eight enemies at once.
Your skin changes colour to match your surroundings (Stealth+).
Your rubbery body absorbs attacks. (AC +1, EV +1)


Message History

The shaft crumbles and collapses.
A quokka, 3 jackals and a centaur come into view.
The centaur shouts!
The jackal barks!
You hear an angry hiss.
You hear a shout! x2
Found three items.
As you read the scroll labeled VAILIM ENGANOREMOT, it crumbles to dust.
It is a scroll of identify.
j - a scroll of immolation The centaur wields a shortbow.
The centaur shoots an arrow.
The arrow hits you!
As you read the scroll labeled VADIASCHE WULLU, it crumbles to dust.
You assume a fearsome visage.
The quokka looks frightened!
The centaur looks frightened!
The jackal looks frightened! x3
It was a scroll of fear.
Cornered, the centaur turns to fight!
Found an agate ring.
The centaur shoots an arrow.
The arrow hits you!
Ouch! That really hurt!
* * * LOW HITPOINT WARNING * * *
You see here an arrow.
The centaur shoots an arrow.
The arrow hits you!
You die...

##....# #.....#
#.....# #.h...#
#....=# #r....#
#.....#########
#.@....?.c.#
#..(......h#
#.........h###
#.............
#?....((......
##########....
...


You could see a centaur, a quokka (fleeing) and a jackal (fleeing).

Vanquished Creatures
  An adder (D:2)
  An adder skeleton (D:2)
  2 dart slugs (D:2)
  2 leopard geckos (D:2)
  3 bats
  3 giant cockroaches
  2 goblins
  2 hobgoblins (D:2)
  2 frilled lizards (D:2)
  A giant cockroach zombie (D:2)
  3 kobolds (D:1)
  16 rats
38 creatures vanquished.

Vanquished Creatures (collateral kills)
  An adder (D:2)
  An adder skeleton (D:4)
  A dart slug (D:2)
3 creatures vanquished.

Grand Total: 41 creatures vanquished

Notes
Turn   | Place    | Note
-------+----------+-------------------------------------------
     0 | D:1      | cultivahabas the Octopode Wizard began the quest for the Orb.
     0 | D:1      | Reached XP level 1. HP: 11/11 MP: 4/4
   447 | D:1      | Reached XP level 2. HP: 14/17 MP: 6/6
   744 | D:1      | Learned a level 2 spell: Call Imp
   747 | D:1      | Learned a level 2 spell: Blink
  1377 | D:2      | Reached XP level 3. HP: 21/21 MP: 0/7
  2210 | D:2      | Found a shimmering altar of Xom.
  2244 | D:2      | Found a glowing silver altar of Zin.
  2244 | D:2      | Found a white marble altar of Elyvilon.
  2244 | D:2      | Found an iron altar of Okawaru.
  2244 | D:2      | Found a shattered altar of Ashenzari.
  2244 | D:2      | Found a blossoming altar of Fedhas.
  2245 | D:2      | Found an ornate altar of the Wu Jian Council.
  2246 | D:2      | Found a sacrificial altar of Ru.
  2247 | D:2      | Found a hazy altar of Hepliaklqana.
  2248 | D:2      | Found a glowing golden altar of the Shining One.
  2249 | D:2      | Found a snail-covered altar of Cheibriados.
  2256 | D:2      | Became a worshipper of Warmaster Okawaru
  2351 | D:2      | Reached XP level 4. HP: 26/27 MP: 1/9
  2538 | D:2      | You fall through a shaft for 2 floors!
  2738 | D:4      | You fall through a shaft for 2 floors!
  2738 | D:6      | Noticed a centaur
  2744 | D:6      | Shot with an arrow by a centaur

Skill      XL: |  1  2  3 |
---------------+----------+-----
Stealth        | 3 |  3.6
Conjurations   | 2 |  2.0
Dodging        | |  2.0
Spellcasting   | |  3.3
Summonings     | |  1.9
Translocations | |  1.4

Action                   |  1- 3 |  4- 6 || total
-------------------------+-------+-------++-------
Melee: Unarmed           |     8 |       ||     8
       Dagger            |    43 |     2 ||    45
       Constrict         |    18 |     1 ||    19
       Tentacles         |     9 |       ||     9
 Cast: Magic Dart        |    49 |     4 ||    53
       Call Imp          |     4 |     2 ||     6
  Use: Scroll            |     1 |     2 ||     3
 Stab: Sleeping          |     1 |       ||     1
  Eat: Chunk             |     4 |     1 ||     5
Armor: Skin              |     9 |     1 ||    10
Dodge: Dodged            |    30 |     2 ||    32
